 Dungeon Crawl Stone Soup version 0.31.0 (webtiles) character file.

Game seed: 1311678590625443445

1339 qw the Skirmisher (level 8, -3/51 HPs)
             Began as a Gargoyle Hunter on Jan 19, 2024.
             Was an Initiate of Okawaru.
             Slain by a steam dragon (9 damage)
             ... on level 6 of the Dungeon.
             The game lasted 00:00:18 (4142 turns).

qw the Skirmisher (Gargoyle Hunter)                 Turns: 4142, Time: 00:00:19

Health: -3/51      AC: 12    Str: 15    XL:     8   Next: 61%
Magic:  8/8        EV: 11    Int: 10    God:    Okawaru [......]
Gold:   160        SH:  0    Dex: 15    Spells: 7/7 levels left

rFire   . . .        a - +4 shortbow
rCold   . . .        (shield currently unavailable)
rNeg    + . .        e - +0 ring mail
rPois   inf          (no helmet)
rElec   +            (no cloak)
rCorr   .            f - +0 pair of gloves
SInv    .            (no boots)
Will    .....        (no amulet)
Stlth   +            (no ring)
HPRegen 0.28/turn    (no ring)
MPRegen 0.11/turn

%: no passive effects
@: about to teleport
A: sickness immunity, AC +5, negative energy resistance 1, electricity
resistance, torment resistance 1, petrification resistance
a: Renounce Religion


You were on level 6 of the Dungeon.
You worshipped Okawaru.
Okawaru was noncommittal.
You visited 2 branches of the dungeon, and saw 7 of its levels.

You collected 160 gold pieces.


Innate Abilities, Weirdness & Mutations

You are immune to sickness and miasma.
Your stone body is resilient. (AC +5)
You are immune to poison.
You resist negative energy. (rN+)
You are resistant to electric shocks. (rElec)
You are resistant to unholy torment.
You are immune to petrification.


   Skills:
 + Level 5.7 Fighting
 - Level 9.0 Ranged Weapons
 - Level 3.4 Armour
 - Level 2.3 Dodging
 - Level 1.1 Stealth


You had 7 spell levels left.
You didn't know any spells.
Your spell library was empty.

Inventory:

Hand Weapons
 a - a +4 shortbow (weapon)
Armour
 e - a +0 ring mail (worn)
 f - a +0 pair of gloves (worn)
Jewellery
 g - a ring of fire
Wands
 i - a wand of flame (20)
Potions
 b - a potion of enlightenment
 d - 3 potions of curing
 h - 2 potions of might {unknown}

Dungeon Overview and Level Annotations

Branches:
Dungeon (6/15)             Temple (1/1) D:5

Altars:
Ashenzari
Cheibriados
Dithmenos
Elyvilon
Fedhas
Gozag
Kikubaaqudgha
Makhleb
Nemelex Xobeh
Okawaru
Qazlal
Ru
Sif Muna
Trog
Vehumet
Wu Jian
Yredelemnul
The Shining One


Message History

The ball of steam misses you. The white imp gestures at you.
The puff of frost hits you.
You shoot an arrow. The arrow hits the white imp!
The white imp is severely wounded.
You are engulfed in a cloud of scalding steam.
The white imp gestures at you.
The puff of frost hits you but does no damage.
You shoot an arrow. The arrow hits the white imp.
You kill the white imp!
Okawaru accepts your kill. The steam dragon breathes steam at you.
The ball of steam misses you.
You shoot an arrow. The arrow hits the steam dragon.
The steam dragon is lightly wounded.
You are engulfed in a cloud of scalding steam.
The steam dragon breathes steam at you. The ball of steam hits you!!
You shoot an arrow.
The arrow hits the steam dragon but does no damage.
The steam dragon is lightly wounded.
You are engulfed in a cloud of scalding steam.
The steam dragon bites you.
The steam dragon claws you but does no damage.
You shoot an arrow.
The arrow hits the steam dragon but does no damage.
The steam dragon is lightly wounded.
You are engulfed in a cloud of scalding steam.
The steam dragon bites you but does no damage.
The steam dragon claws you.
4141 ||| READING scroll of teleportation.
As you read the scroll of teleportation, it crumbles to dust.
You feel strangely unstable. The steam dragon bites you.
The steam dragon claws you but does no damage.
You shoot an arrow. The arrow hits the steam dragon.
The steam dragon is lightly wounded.
You are engulfed in a cloud of scalding steam.
The steam dragon bites you!
You die...

#.... #..... #..#
#.....#....# #..#
#.....##...# ##..#
#.....###..# ....##
#......###..
....###......###.#
#.....#.......##.#
#ยค.##.#(.........#
##@.##........%..##
...###D..####........##
|....................#
....##.#.######.#.....#
... #.#.# #.#....... ..
#<#.# #.##....#. .
#.#.# #......[#) #.#.#
####..###.... #.#?#
#.....# #....


You could see a steam dragon (catching breath).

Vanquished Creatures
  Grinder (D:3)
  Menkaure (D:5)
  An ice beast (D:5)
  A black bear (D:4)
  An ogre (D:5)
  2 phantoms
  2 orc priests
  3 hounds
  A bombardier beetle (D:6)
  4 iguanas
  Terence (D:2)
  2 sleepcaps
  2 orc wizards
  3 gnolls (D:3)
  6 adders
  A white imp (D:6)
  A ribbon worm (D:2)
  4 dart slugs
  23 orcs
  6 bats
  4 endoplasms
  A giant cockroach (D:1)
  5 goblins
  5 hobgoblins
  4 quokkas
  5 ball pythons
  5 frilled lizards
  9 kobolds
  4 rats
108 creatures vanquished.

Vanquished Creatures (others)
  An endoplasm (D:3)
1 creature vanquished.

Grand Total: 109 creatures vanquished

Notes
Turn   | Place    | Note
-------+----------+-------------------------------------------
     0 | D:1      | qw the Gargoyle Hunter began the quest for the Orb.
     0 | D:1      | Reached XP level 1. HP: 12/12 MP: 1/1
     0 | D:1      | 0 ||| qw: Version: 0.3-a-132-g3d54051
     0 | D:1      | 0 ||| qw: Game counter: 325
     0 | D:1      | 0 ||| qw: Melee chars always use a shield: true
     0 | D:1      | 0 ||| qw: God list: Okawaru
     0 | D:1      | 0 ||| qw: Allow faded altars: false
     0 | D:1      | 0 ||| qw: Do Orc after clearing Dungeon:15 true
     0 | D:1      | 0 ||| qw: Do second Lair branch before Depths: true
     0 | D:1      | 0 ||| qw: Lair rune preference: random
     0 | D:1      | 0 ||| qw: Goals: Normal
     0 | D:1      | 0 ||| PLANNING D:1-11
   174 | D:1      | Reached XP level 2. HP: 17/17 MP: 2/2
   869 | D:1      | 869 ||| READING scroll labelled LAUMEON OLYIHI.
   870 | D:1      | 870 ||| READING scroll labelled MISHRE ELUKA.
   871 | D:1      | 871 ||| READING 3 scrolls labelled TOM BAUGHUF.
   871 | D:1      | 871 ||| ENCHANTING +0 shortbow.
   872 | D:1      | 872 ||| READING 2 scrolls of enchant weapon.
   872 | D:1      | 872 ||| ENCHANTING +1 shortbow.
   873 | D:1      | 873 ||| READING scroll of enchant weapon.
   873 | D:1      | 873 ||| ENCHANTING +2 shortbow.
   874 | D:1      | 874 ||| READING scroll labelled PANEZE HOKA.
   975 | D:1      | 975 ||| DROPPING scroll of butterflies.
  1005 | D:2      | Reached XP level 3. HP: 18/21 MP: 3/3
  1005 | D:2      | 1005 ||| FLEEEEING.
  1057 | D:2      | 1057 ||| FLEEEEING.
  1058 | D:2      | 1058 ||| FLEEEEING.
  1061 | D:2      | 1061 ||| STAIRDANCE
  1081 | D:2      | Reached skill level 5 in Ranged Weapons
  1088 | D:2      | Noticed Terence
  1099 | D:2      | Killed Terence
  1100 | D:2      | Reached skill level 3 in Fighting
  1294 | D:2      | Reached XP level 4. HP: 28/28 MP: 4/4
  1378 | D:2      | 1378 ||| READING scroll of enchant weapon.
  1378 | D:2      | 1378 ||| ENCHANTING +3 shortbow.
  1475 | D:2      | Found a faded altar of an unknown god.
  1551 | D:2      | 1551 ||| UPGRADING to +0 ring mail.
  1561 | D:2      | 1561 ||| DROPPING +0 leather armour.
  1562 | D:2      | 1562 ||| READING 2 scrolls labelled ESIOPLISUT.
  1563 | D:2      | 1563 ||| READING scroll labelled GEOTOM YKUYCKYHY.
  1563 | D:2      | 1563 ||| IDENTIFYING glowing coppery potion
  1564 | D:2      | 1564 ||| DRINKING 2 coppery potions.
  1565 | D:2      | 1565 ||| DROPPING potion of magic.
  1566 | D:2      | 1566 ||| DROPPING scroll of fear.
  1653 | D:3      | Reached skill level 1 in Armour
  1663 | D:3      | Reached XP level 5. HP: 32/32 MP: 5/5
  1884 | D:3      | Found a stormy altar of Qazlal.
  1893 | D:3      | Reached skill level 6 in Ranged Weapons
  2013 | D:3      | Noticed Grinder
  2029 | D:3      | 2029 ||| FLEEEEING.
  2031 | D:3      | Killed Grinder
  2032 | D:3      | Reached XP level 6. HP: 20/40 MP: 6/6
  2260 | D:3      | 2260 ||| UPGRADING to +0 pair of gloves.
  2265 | D:3      | 2265 ||| DROPPING ring of magical power.
  2266 | D:3      | 2266 ||| READING scroll of identify.
  2266 | D:3      | 2266 ||| IDENTIFYING fuming white potion
  2267 | D:3      | 2267 ||| READING scroll labelled QOADGHA DUMOPS.
  2268 | D:3      | 2268 ||| FLEEEEING.
  2270 | D:3      | 2270 ||| READING scroll labelled ETOCVU CEIWN.
  2271 | D:3      | 2271 ||| READING scroll labelled WAWECOMUIV.
  2272 | D:3      | 2272 ||| DROPPING potion of berserk rage.
  2565 | D:4      | Reached XP level 7. HP: 44/44 MP: 7/7
  2703 | D:4      | Found a shimmering blue altar of Sif Muna.
  2709 | D:4      | Found a blossoming altar of Fedhas.
  2712 | D:4      | Found a sacrificial altar of Ru.
  2712 | D:4      | Found a sparkling altar of Nemelex Xobeh.
  2720 | D:4      | Found a bloodstained altar of Trog.
  2760 | D:4      | Reached skill level 7 in Ranged Weapons
  3180 | D:5      | Entered Level 5 of the Dungeon
  3183 | D:5      | 3183 ||| STAIRDANCE
  3400 | D:5      | Found a staircase to the Ecumenical Temple.
  3401 | D:5      | 3401 ||| PLANNING TEMPLE
  3401 | D:5      | 3401 ||| READING 2 scrolls of identify.
  3401 | D:5      | 3401 ||| IDENTIFYING metallic silvery potion
  3402 | D:5      | 3402 ||| READING scroll of identify.
  3402 | D:5      | 3402 ||| IDENTIFYING golden potion
  3422 | D:5      | Reached skill level 8 in Ranged Weapons
  3432 | D:5      | HP: 8/44 [orc/+0 dagger (4)]
  3433 | D:5      | 3433 ||| READING 2 scrolls of teleportation.
  3434 | D:5      | 3434 ||| DRINKING potion of heal wounds.
  3497 | D:5      | Noticed Menkaure
  3506 | D:5      | Killed Menkaure
  3507 | D:5      | Reached skill level 3 in Armour
  3507 | D:5      | Reached XP level 8. HP: 39/50 MP: 8/8
  3675 | Temple   | Entered the Ecumenical Temple
  3676 | Temple   | 3676 ||| PLANNING OKAWARU WORSHIP
  3701 | Temple   | Became a worshipper of Warmaster Okawaru
  3702 | Temple   | 3702 ||| PLANNING D:1-11
  3936 | D:5      | 3936 ||| FLEEEEING.
  3940 | D:5      | 3940 ||| STAIRDANCE
  3967 | D:4      | 3967 ||| READING scroll of identify.
  3967 | D:4      | 3967 ||| IDENTIFYING sedimented dark potion
  3968 | D:4      | 3968 ||| DROPPING potion of degeneration.
  4082 | D:6      | 4082 ||| FLEEEEING.
  4112 | D:6      | Reached skill level 9 in Ranged Weapons
  4140 | D:6      | HP: 9/51 [steam dragon] (5)]
  4141 | D:6      | 4141 ||| READING scroll of teleportation.
  4142 | D:6      | Slain by a steam dragon

Levels and vault maps discovered:
D:1:      minmay_arrival_five_plusses, layout_loops_corners,
          minmay_misc_feat_iff
D:2:      layout_rooms, ebering_ecumenical_altar_rust, uniq_terence
D:3:      layout_basic, nicolae_qazlal_scattered_showers,
          grunt_decor_resistance, uniq_grinder
D:4:      layout_basic, nicolae_overflow_hallway_of_the_gods,
          minmay_misc_feat_diagonals, hangedman_decor_riveting
D:5:      layout_rooms, minmay_temple_entry_large_hall, grunt_ministairs_9,
          uniq_menkaure
D:6:      layout_rooms
Temple:   minmay_temple_forest_path

Skill      XL: |  1  2  3  4  5  6  7  8 |
---------------+-------------------------+-----
Ranged Weapons | 5 6 8 9 |  9.0
Fighting       | 3 5 |  5.7
Armour         | 1 3 |  3.4
Dodging        | 2 |  2.3
Stealth        | |  1.1

Action                     |  1- 3 |  4- 6 |  7- 9 || total
---------------------------+-------+-------+-------++-------
   Fire: Shortbow          |    65 |   109 |   180 ||   354
    Use: Scroll            |     6 |     7 |     5 ||    18
         Potion            |       |     1 |     1 ||     2
 Armour: Leather armour    |    13 |     4 |       ||    17
         Ring mail         |       |    12 |   112 ||   124
  Dodge: Dodged            |    17 |    22 |    78 ||   117

Table legend:
 A = Non-vault XP
 B = Vault XP
 C = Vault XP percentage of total XP
 D = Non-vault monster count
 E = Vault monster count
 F = Vault count percentage of total count
                 A         B        C        D         E       F
            +---------+---------+-------+---------+---------+-------
      Total |    1411 |     503 |  26.3 |     103 |       5 |   4.6
            +---------+---------+-------+---------+---------+-------
        D:1 |      22 |       0 |   0.0 |      12 |       0 |   0.0
        D:2 |      63 |      36 |  36.4 |      21 |       1 |   4.5
        D:3 |     104 |     281 |  73.0 |      19 |       1 |   5.0
        D:4 |     369 |      14 |   3.7 |      20 |       1 |   4.8
        D:5 |     679 |     172 |  20.2 |      26 |       2 |   7.1
        D:6 |     174 |       0 |   0.0 |       5 |       0 |   0.0
            +---------+---------+-------+---------+---------+-------
